 Dungeon Crawl Stone Soup version 0.20-a0-270-g8e735b6 (webtiles) character file.

105 Goblin1989 the Slasher (level 4, 0/33 HPs)
             Began as a Vampire Gladiator on Dec 10, 2016.
             Slain by an orc
             ... wielding a +0 trident
              (5 damage)
             ... on level 3 of the Dungeon.
             The game lasted 00:05:55 (1410 turns).

Goblin1989 the Slasher (Vampire Gladiator)          Turns: 1410, Time: 00:05:55

Health: 0/33       AC:  7    Str: 15    XL:     4   Next: 53%
Magic:  4/4        EV:  5    Int: 16    God:
Gold:   146        SH: 14    Dex: 14    Spells: 3/3 levels left

rFire  . . .     SeeInvis +     a - +0 long sword
rCold  . . .     Gourm    .     e - +0 scale mail
rNeg   . . .     Faith    .     p - +0 large shield
rPois  .         Spirit   .     c - +0 helmet
rElec  .         Reflect  +     (no cloak)
rCorr  .         Harm     .     (no gloves)
MR     .....                    (no boots)
Stlth  ..........               j - +4 amulet of reflection
                                o - +3 ring of intelligence
                                h - +3 ring of intelligence

@: regenerating quickly
A: fangs 3, see invisible, unbreathing
a: no special abilities


You were on level 3 of the Dungeon.
You were almost alive.

You visited 1 branch of the dungeon, and saw 3 of its levels.

You collected 146 gold pieces.

Inventory:

Hand Weapons
 a - a +0 long sword (weapon)
Missiles
 Z - 3 throwing nets {=f, !d}
Armour
 c - a +0 helmet (worn)
 e - a +0 scale mail (worn)
 p - a +0 large shield (worn)
Jewellery
 h - a +3 ring of intelligence (left hand)
 j - a +4 amulet of reflection (around neck)
 o - a +3 ring of intelligence (right hand)
Wands
 P - a wand of paralysis (8/24)
Scrolls
 b - a scroll of remove curse {unknown}
 d - a scroll of fear {unknown}
 f - 2 scrolls of magic mapping {unknown}
 k - a scroll of teleportation {unknown}
 l - 2 scrolls of identify {unknown}
 m - a scroll of enchant weapon {unknown}
 n - a scroll of amnesia {unknown}
Potions
 g - a potion of mutation {unknown}
 i - a potion of degeneration {unknown}
 q - 14 potions of blood
 r - a potion of magic {unknown}


   Skills:
 + Level 1.9 Fighting
 * Level 4.8 Long Blades
 - Level 1.5 Throwing
 + Level 1.2 Armour
 - Level 3.2 Dodging
 + Level 0.1 Shields


You had 3 spell levels left.
You didn't know any spells.

Dungeon Overview and Level Annotations

Branches:
Dungeon (3/15)

Altars:


Innate Abilities, Weirdness & Mutations

Your natural rate of healing is unusually fast.
You have razor-sharp teeth.
You have supernaturally acute eyesight. (SInv)
You can survive without breathing.


Message History

You hit the orc wizard but do no damage.
Your bite misses the orc wizard.
The orc wizard is severely wounded.
You block the orc wizard's attack.
The orc hits you from afar with a trident.
* * * LOW HITPOINT WARNING * * *
You block the orc's attack.
The orc wizard hits you but does no damage.
You block the orc's attack.
You take 3 damage, and have 4/33 hp.
Your shield prevents you from hitting the orc wizard.
The orc wizard is severely wounded.
The orc hits you but does no damage.
The orc wizard hits you but does no damage.
You block the orc's attack.
Unknown command.
You hit the orc wizard.
The orc wizard is almost dead.
The orc hits you from afar with a trident.
You die...

█████.█.██..███████████....
█........█..█ ██..(.
█........█..█ █.....
█...........██████████.█..█
█.
█.......█..............█...
█.█
█......o█...████████████..█
█.█ █.....oo█...█ █..█ █.█
█████▲█o██..█ █..█ █.█
█.█.██@.█ █...
█.███████.█o██o.█ █..█
███.██....)..)†oo.█ ███
█..█ ............█.█..>███
█.██████..█
███.█....██.█.█...█..
..........∆
█.█....██.█.█...█.█
█.██████..█
█.█....██.█.█...█.█ █.█
█..█
███.███.███.█.█...█.███.█
█..█ .██.█
█.███.█.█.......█.█ █..█


You could see an orc wizard (invisible) and 2 orcs.

Vanquished Creatures
  2 adders
  2 oozes (D:1)
  3 worms (D:2)
  2 dart slugs
  A leopard gecko (D:2)
  3 orcs (D:3)
  3 giant cockroaches
  6 goblins
  8 hobgoblins
  A jackal (D:3)
  7 kobolds
  A quokka (D:2)
  A ball python (D:2)
  8 bats
  2 frilled lizards
  9 rats
59 creatures vanquished.

Vanquished Creatures (others)
  A goblin (D:3)
1 creature vanquished.

Grand Total: 60 creatures vanquished

Notes
Turn   | Place    | Note
-------+----------+-------------------------------------------
     0 | D:1      | Goblin1989 the Vampire Gladiator began the quest for the Orb.
     0 | D:1      | Reached XP level 1. HP: 16/16 MP: 1/1
   108 | D:1      | Reached XP level 2. HP: 21/22 MP: 2/2
   367 | D:1      | Reached skill level 4 in Long Blades
   397 | D:1      | Reached XP level 3. HP: 25/27 MP: 3/3
   676 | D:2      | Reached skill level 1 in Armour
   989 | D:2      | Reached XP level 4. HP: 33/33 MP: 4/4
  1410 | D:3      | Slain by an orc

Vault maps used:
D:1:      dpeg_arrival_chambers_temple_mockup
D:3:      chequers_ecumenical_altar_lobes, supply_closet_lemuel, trog_book

Skill      XL: |  1  2  3 |
---------------+----------+-----
Long Blades    | 4 |  4.8
Armour         | 1 |  1.2
Fighting       | |  1.9
Throwing       | |  1.5
Dodging        | |  3.2
Shields        | |  0.1

Action                   |  1- 3 |  4- 6 || total
-------------------------+-------+-------++-------
Melee: Long sword        |    92 |    34 ||   126
       Bite              |    14 |     6 ||    20
  Use: Potion            |     8 |     5 ||    13
Armor: Leather armour    |     7 |       ||     7
       Scale mail        |    36 |    18 ||    54
Dodge: Dodged            |    52 |    11 ||    63
Block: Other             |    13 |     2 ||    15
       Large shield      |       |    25 ||    25
       Reflection        |       |     2 ||     2
       Rpst.: Long sword |    19 |     4 ||    23

Vault maps used:
D:1:      dpeg_arrival_chambers_temple_mockup
D:3:      chequers_ecumenical_altar_lobes, supply_closet_lemuel, trog_book
